 Dungeon Crawl Stone Soup version 0.27-a0-1099-g7f87ac4 (webtiles) character file.

Game seed: 10944389074137907036

484 Nithhogg the Skirmisher (level 6, -10/50 HPs)
             Began as a Demonspawn Fighter on Apr 27, 2021.
             Was an Initiate of Qazlal.
             Mangled by a two-headed ogre
             ... wielding a +0 giant club
              (24 damage)
             ... on level 5 of the Dungeon on Apr 28, 2021.
             The game lasted 00:07:09 (4192 turns).

Nithhogg the Skirmisher (Demonspawn Fighter)        Turns: 4192, Time: 00:07:10

Health: -10/50     AC:  9    Str: 19    XL:     6   Next: 88%
Magic:  9/9        EV:  7    Int:  9    God:    Qazlal [......]
Gold:   1089       SH:  9    Dex: 12    Spells: 5/5 levels left

rFire    . . .     SeeInvis .   h - +0 hand axe (flame)
rCold    . . .     Faith    .   c - +0 kite shield
rNeg     . . .     Spirit   .   b - +1 scale mail
rPois    .         Reflect  .   (no helmet)
rElec    .         Harm     .   (no cloak)
rCorr    .         Rampage  .   (no gloves)
Will     .....                  (no boots)
Stlth    ..........             (no amulet)
HPRegen  0.16/turn              (no ring)
MPRegen  0.11/turn              (no ring)

@: no status effects
A: rugged brown scales 1, foul stench 1
a: Renounce Religion


You were on level 5 of the Dungeon.
You worshipped Qazlal.
Qazlal was noncommittal.
You visited 2 branches of the dungeon, and saw 6 of its levels.

You collected 1089 gold pieces.

Inventory:

Hand Weapons
 h - a +0 hand axe of flaming (weapon)
Armour
 b - a +1 scale mail (worn)
 c - a +0 kite shield (worn)
Jewellery
 j - a ring of magical power
 q - a ring of protection from fire
 s - a +6 ring of strength
Scrolls
 e - a scroll of vulnerability {unknown}
 g - 4 scrolls of identify
 i - a scroll of magic mapping
Potions
 a - a potion of attraction {unknown}
 d - 2 potions of might
 f - a potion of brilliance {unknown}
 k - 2 potions of flight {unknown}
 l - a potion of magic {unknown}
 m - a potion of mutation {unknown}
 n - a potion of ambrosia {unknown}
 o - a potion of invisibility {unknown}
 p - a potion of curing {unknown}


   Skills:
 + Level 4.7 Fighting
 + Level 3.6 Axes
 + Level 4.2 Armour
 - Level 2.6 Shields
 + Level 4.4 Invocations


You had 5 spell levels left.
You didn't know any spells.
Your spell library contained the following spells:

 Spells                   Type           Power      Damage    Failure   Level
 Apportation              Tloc           0%         N/A       99%         1
 Poisonous Vapours        Pois/Air       0%         N/A       100%        2
 Mephitic Cloud           Conj/Pois/Air  0%         N/A       100%        3
 Lightning Bolt           Conj/Air       0%         1d11      100%        5
 Tornado                  Air            0%         N/A       100%        9


Dungeon Overview and Level Annotations

Branches:
Dungeon (5/15)             Temple (1/1) D:4

Altars:
Ashenzari
Cheibriados
Dithmenos
Elyvilon
Fedhas
Gozag
Hepliaklqana
Kikubaaqudgha
Makhleb
Nemelex Xobeh
Okawaru
Qazlal
Ru
Sif Muna
Trog
Uskayaw
Vehumet
Wu Jian
Yredelemnul
Zin
The Shining One

Shops:
D:4 [

Annotations:
D:4 3 runed translucent doors, Minkie's ghost, amateur GrFi


Innate Abilities, Weirdness & Mutations

You are partially covered in rugged brown scales. (AC +1, +3% HP)
You may rarely emit foul miasma when damaged in melee.


Message History

Could not explore, unopened runed door.
Press: ? - help, v - describe, . - travel
Here: Minkie's ghost (fire blocked by a runed translucent door)
The floor.
(D) Dungeon (T) Temple
Where to? (Enter - D:4 @ (x,y), ? - help)
There is an open door here.
There is a stone staircase leading down here.
You climb downwards.
Found a stone staircase leading down.
There is a stone staircase leading up here.
You open the door.
You set off the alarm!
A sentinel's mark forms upon you.
You hear two shouts!
There is an open door here.
Found 16 sling bullets.
Found 29 stones.
You now have 1089 gold pieces (gained 14).
You open the door.
There is an open door here.
A two-headed ogre comes into view.
It is wielding a +0 giant club and a +0 giant spiked club.
You hit the two-headed ogre. You burn the two-headed ogre.
The two-headed ogre is lightly wounded.
The two-headed ogre hits you with a +0 giant club!
The two-headed ogre hits you with a +0 giant spiked club!!
* * * LOW HITPOINT WARNING * * *
You are too injured to fight recklessly!
An ogre comes into view. It is wielding a +0 giant spiked club.
You block the two-headed ogre's attack.
The two-headed ogre hits you with a +0 giant spiked club.
* * * LOW HITPOINT WARNING * * *
Okay, then.
Okay, then.
The sentinel's mark upon you fades away.
You open the door.
There is an open door here.
Found 24 stones.
The two-headed ogre hits you with a +0 giant club!!
You die...

#......#.......#
#...O..#.......#
+......#.......#
#......#.......#
#..#####.......#
##..##..O..######
#.....#....#.....#
#.....#..O.#.O...#
#.....#....#.@...#
#.....#....#.....#
#.....#....+.....#
#.....#....#.....#
#....(#....#.....#
####.....'....#.....#
.........#....#.....#
.........#....#.....#
.........#....#


You could see a two-headed ogre and an ogre.

Vanquished Creatures
  A wyvern (D:4)
  A necrophage (D:4)
  A hound (D:4)
  A jelly (D:4)
  An orc wizard (D:4)
  A scorpion zombie (D:4)
  A hound zombie (D:4)
  3 adders
  5 dart slugs
  An orc (D:4)
  9 ball pythons
  6 endoplasms
  2 giant cockroaches
  12 goblins
  9 hobgoblins
  7 jackals (D:2)
  9 kobolds
  A quokka (D:1)
  8 bats
  2 frilled lizards (D:3)
  4 rats
85 creatures vanquished.

Notes
Turn   | Place    | Note
-------+----------+-------------------------------------------
     0 | D:1      | Nithhogg the Demonspawn Fighter began the quest for the
                  | Orb.
     0 | D:1      | Reached XP level 1. HP: 18/18 MP: 1/1
   204 | D:1      | Gained mutation: You are partially covered in rugged brown
                  | scales. (AC +1, +3% HP) [demonic ancestry]
   204 | D:1      | Reached XP level 2. HP: 18/24 MP: 2/2
   288 | D:1      | Reached skill level 1 in Invocations
   628 | D:1      | Reached XP level 3. HP: 29/29 MP: 4/4
   648 | D:1      | Upgraded the game from 0.27-a0-1091-g986d5f5 to
                  | 0.27-a0-1099-g7f87ac4
  1092 | D:2      | Found a faded altar of an unknown god.
  1135 | D:2      | Reached XP level 4. HP: 33/37 MP: 5/5
  1859 | D:3      | Found an ornate altar of the Wu Jian Council.
  1863 | D:3      | Found a bloodstained altar of Trog.
  2558 | D:4      | Found a runed translucent gate.
  2558 | D:4      | Found a runed translucent gate.
  2558 | D:4      | Found a runed translucent gate.
  2558 | D:4      | Noticed Minkie's ghost (amateur GrFi)
  2600 | D:4      | Found a basalt altar of Yredelemnul.
  2647 | D:4      | Reached XP level 5. HP: 33/43 MP: 7/7
  2730 | D:4      | Found a staircase to the Ecumenical Temple.
  2743 | D:4      | Identified the Tome of the Compass and Weightlessness
  2747 | D:4      | Noticed a necrophage
  2768 | D:4      | Killed a necrophage
  2778 | D:4      | Gained mutation: You may rarely emit foul miasma when
                  | damaged in melee. [demonic ancestry]
  2778 | D:4      | Reached XP level 6. HP: 27/49 MP: 8/8
  2779 | Temple   | Entered the Ecumenical Temple
  3224 | Temple   | Became a worshipper of Qazlal Stormbringer
  3337 | D:4      | Noticed a wyvern
  3345 | D:4      | Killed a wyvern
  3646 | D:4      | Identified a scroll of acquirement
  3646 | D:4      | Acquired 882 gold pieces
  3691 | D:4      | Found Daepsiff's Antique Armour Shoppe.
  4122 | D:5      | Entered Level 5 of the Dungeon
  4139 | D:5      | Noticed a two-headed ogre
  4192 | D:5      | Mangled by a two-headed ogre

Illustrated notes

Levels and vault maps discovered:
D:1:      dpeg_arrival_yet_another_circle, layout_basic
D:2:      layout_loops_cross, hellmonk_ecumenical_altar_prayer_group
D:3:      minmay_wonky_spiral, layout_loops_corners, jmf_multi_god_temple,
          kennysheep_flooded_box
D:4:      layout_cave_pools, nicolae_yredelemnul_ghost_church,
          minmay_temple_entry_hall, serial_shops, shop, serial_park,
          minmay_quantized
D:5:      layout_gridville
Temple:   dpeg_five_rooms_temple

Skill      XL: |  1  2  3  4  5  6 |
---------------+-------------------+-----
Axes           | 2 3 |  3.6
Invocations    | 1 2 3 4 |  4.4
Armour         | 3 4 |  4.2
Fighting       | 4 |  4.7
Shields        | |  2.6

Action                   |  1- 3 |  4- 6 || total
-------------------------+-------+-------++-------
Melee: War axe           |    34 |       ||    34
       Hand axe          |    72 |   144 ||   216
  Use: Scroll            |       |     7 ||     7
Armor: Scale mail        |    71 |    68 ||   139
Dodge: Dodged            |    32 |    51 ||    83
Block: Kite shield       |    59 |    64 ||   123

Table legend: (Time is in decaauts)
 A = Elapsed time spent in this place.
 B = Non-inter-level travel time spent in this place.
 C = Inter-level travel time spent in this place.
 D = Time resting spent in this place.
 E = Time spent auto-exploring this place.
 F = Levels seen in this place.
 G = Mean time per level.
                   A        B        C        D        E       F      G
               +--------+--------+--------+--------+--------+-----+--------+
         Total |   4302 |   4097 |    205 |      0 |   3374 |   6 |  717.0 |
       Dungeon |   3822 |   3708 |    114 |      0 |   2986 |   5 |  764.4 |
        Temple |    480 |    389 |     91 |      0 |    388 |   1 |  480.0 |
               +--------+--------+--------+--------+--------+-----+--------+

Top non-repeatable levels by time:
     D:4: 1119 daAuts
     D:3: 1030 daAuts
     D:1: 869 daAuts
     D:2: 733 daAuts
  Temple: 480 daAuts
     D:5: 70 daAuts
